 Dungeon Crawl Stone Soup version 0.28-a0-1518-gbe868bca14 (webtiles) character file.

Game seed: 15910924432240651500

221 leviel the Skirmisher (level 5, 0/48 HPs)
             Began as a Hill Orc Fighter on Jan 16, 2022.
             Was an Initiate of Zin.
             Slain by a gnoll (4 damage)
             ... on level 3 of the Dungeon.
             The game lasted 00:06:07 (1223 turns).

leviel the Skirmisher (Hill Orc Fighter)            Turns: 1223, Time: 00:06:07

Health: 0/48       AC: 12    Str: 21    XL:     5   Next: 98%
Magic:  3/5        EV:  5    Int:  8    God:    Zin [......]
Gold:   58         SH:  4    Dex: 10    Spells: 4/4 levels left

rFire   . . .      SeeInvis .   a - +0 war axe
rCold   . . .      Faith    .   c - +0 buckler
rNeg    . . .      Spirit   .   j - +0 plate armour
rPois   .          Reflect  .   (no helmet)
rElec   .          Harm     .   (no cloak)
rCorr   .          Rampage  .   (no gloves)
Will    .....                   (no boots)
Stlth   ..........              (no amulet)
HPRegen 0.16/turn               (no ring)
MPRegen 0.09/turn               (no ring)

@: no status effects
A: no striking features
a: Renounce Religion, Donate Gold


You were on level 3 of the Dungeon.
You worshipped Zin.
Zin was noncommittal.
You visited 1 branch of the dungeon, and saw 3 of its levels.

You collected 64 gold pieces.
You donated 6 gold pieces to Zin.

Inventory:

Hand Weapons
 a - a +0 war axe (weapon)
Armour
 b - a +0 scale mail
 c - a +0 buckler (worn)
 j - a +0 plate armour (worn)
Scrolls
 e - a scroll of silence {unknown}
 g - a scroll of blinking {unknown}
 h - 3 scrolls of identify {unknown}
 i - 2 scrolls of summoning {unknown}
Potions
 f - 2 potions of lignification {unknown}


   Skills:
 + Level 5.0 Fighting
 + Level 4.5 Axes
 + Level 4.5 Armour
 + Level 4.5 Shields


You had 4 spell levels left.
You didn't know any spells.
Your spell library was empty.

Dungeon Overview and Level Annotations

Branches:
Dungeon (3/15)

Altars:
Gozag
Zin


Message History

The gnoll shouts!
You hit the hound zombie.
The hound zombie is lightly damaged.
The gnoll barely misses you.
The hound zombie bites you but does no damage.
The gnoll barely misses you.
You slash the hound zombie!
The hound zombie is severely damaged.
You block the hound zombie's attack. You block the gnoll's attack.
You hit the gnoll.
The gnoll is lightly wounded.
You block the gnoll's attack. The gnoll hits you but does no damage.
You hit the gnoll.
The gnoll is moderately wounded.
The gnoll hits you but does no damage. x2; The gnoll barely misses you.
You slash the gnoll!
You kill the gnoll!
The gnoll barely misses you.
Your Fighting skill increases to level 5!
You barely miss the hound zombie.
The hound zombie is severely damaged.
You block the hound zombie's attack.
The gnoll hits you from afar with a +0 halberd.
The hound zombie bites you.
You hit the hound zombie.
The hound zombie is severely damaged.
The hound zombie bites you but does no damage.
The gnoll hits you from afar with a +0 halberd.
The hound zombie bites you but does no damage.
The gnoll hits you from afar with a +0 halberd.
* * * LOW HITPOINT WARNING * * *
You barely miss the hound zombie.
The hound zombie is severely damaged.
The hound zombie bites you but does no damage.
The gnoll hits you from afar with a +0 halberd!
* * * LOW HITPOINT WARNING * * *
The hound zombie barely misses you. You block the hound zombie's attack.
The gnoll hits you from afar with a +0 halberd.
You die...

##$8∩##........... .#
#.....#........... ...
#8$$..'...#..##.###..##
#∩.8_.'...#............
#8..$.'...........#...
#.$$$$#............. ..
##.8∩##..<..###.#.#..##
### #......)gZ........
#....##<>###@#.#..##
#....##.[# #.# #
#............#
...#..#.#.###.#
............ #.#
###....#.#.#.#.# #.
..#.#...... # .. .. ..
... ... .. ##.#.#


You could see a gnoll and a hound zombie.

Vanquished Creatures
  The ghost of HallandMoats the Skirmisher, an amateur GrFi (D:3)
  Terence (D:2)
  2 gnolls (D:3)
  2 adders (D:2)
  2 dart slugs (D:1)
  3 orcs (D:2)
  3 bats
  4 giant cockroaches
  5 hobgoblins
  3 kobolds
  3 quokkas
  4 ball pythons
  A frilled lizard (D:1)
  3 rats (D:1)
37 creatures vanquished.

Notes
Turn   | Place    | Note
-------+----------+-------------------------------------------
     0 | D:1      | leviel the Hill Orc Fighter began the quest for the Orb.
     0 | D:1      | Reached XP level 1. HP: 19/19 MP: 1/1
   188 | D:1      | Reached XP level 2. HP: 23/27 MP: 2/2
   294 | D:1      | Found a faded altar of an unknown god.
   760 | D:2      | Reached skill level 4 in Fighting
   760 | D:2      | Reached XP level 3. HP: 29/33 MP: 3/3
   827 | D:2      | Found a glowing silver altar of Zin.
   842 | D:2      | Became a worshipper of Zin the Law-Giver
   981 | D:2      | Noticed Terence
   991 | D:2      | Killed Terence
   992 | D:2      | Reached XP level 4. HP: 36/41 MP: 4/4
  1165 | D:3      | Found a runed translucent gate.
  1165 | D:3      | Found a runed translucent gate.
  1165 | D:3      | Found an opulent altar of Gozag.
  1165 | D:3      | Found a runed translucent gate.
  1166 | D:3      | Noticed HallandMoats's ghost (amateur GrFi)
  1206 | D:3      | Killed HallandMoats's ghost
  1207 | D:3      | Reached XP level 5. HP: 27/47 MP: 1/5
  1218 | D:3      | Reached skill level 5 in Fighting
  1223 | D:3      | Slain by a gnoll

Illustrated notes

Levels and vault maps discovered:
D:1:      lightli_arrival_quake, layout_basic, chequers_ecumenical_altar_simple,
          minivault_23, hangedman_decor_opposing
D:2:      layout_rooms, basic_altar, lemuel_old_faithful, uniq_terence
D:3:      layout_basic, lemuel_tele_altar, ebering_ghost_gozag,
          nrook_mini_backslash, st_stairs_4, uniq_natasha, uniq_grinder

Skill      XL: |  1  2  3  4  5 |
---------------+----------------+-----
Axes           | 3 4 |  4.5
Fighting       | 4 5 |  5.0
Shields        | 4 |  4.5
Armour         | 4 |  4.5

Action                   |  1- 3 |  4- 6 || total
-------------------------+-------+-------++-------
Melee: War axe           |    81 |    36 ||   117
  Use: Potion            |       |     1 ||     1
Armor: Scale mail        |    31 |       ||    31
       Plate armour      |    21 |    29 ||    50
Dodge: Dodged            |    30 |     8 ||    38
Block: Buckler           |    21 |    10 ||    31

Table legend: (Time is in decaauts)
 A = Elapsed time spent in this place.
 B = Non-inter-level travel time spent in this place.
 C = Inter-level travel time spent in this place.
 D = Time resting spent in this place.
 E = Time spent auto-exploring this place.
 F = Levels seen in this place.
 G = Mean time per level.
                   A        B        C        D        E       F      G
               +--------+--------+--------+--------+--------+-----+--------+
         Total |   1265 |    892 |    373 |      0 |    562 |   3 |  421.7 |
       Dungeon |   1265 |    892 |    373 |      0 |    562 |   3 |  421.7 |
               +--------+--------+--------+--------+--------+-----+--------+

Top non-repeatable levels by time:
     D:1: 664 daAuts
     D:2: 532 daAuts
     D:3: 69 daAuts
